 Dungeon Crawl Stone Soup version 0.13.0-6-g40e4d2d (webtiles) character file.

105 M4edhros the Charlatan (level 3, -4/24 HPs)
             Began as an Octopode Artificer on Oct 15, 2013.
             Slain by a hound (6 damage)
             ... on Level 4 of the Dungeon.
             The game lasted 00:01:44 (871 turns).

M4edhros the Charlatan (Octopode Artificer)          Turns: 871, Time: 00:01:45

HP  -4/24        AC  1     Str 10      XL: 3   Next: 25%
MP   4/4         EV 12     Int 15      God:
Gold 73          SH  0     Dex 12      Spells:  0 memorised,  2 levels left

Res.Fire  : x . .   See Invis. : .   a - +0 short sword
Res.Cold  : + . .   Warding    : .   (no shield)
Life Prot.: . . .   Conserve   : .   (helmet restricted)
Res.Poison: .       Res.Corr.  : .   (no amulet)
Res.Elec. : .       Clarity    : .   m - ring of ice
Sust.Abil.: . .     Spirit.Shd : .   (no ring)
Res.Mut.  : .       Stasis     : .   (no ring)
Res.Rott. : .       Flight     : .   (no ring)
Saprovore : . . .                    (no ring)
                                     (no ring)
                                     (no ring)
                                     (no ring)

@: not resistant to hostile enchantments, quite stealthy
A: almost no armour, amphibious, 8 rings, constrict 8, camouflage 1, AC +1
a: no special abilities


You were on level 4 of the Dungeon.
You were not hungry.

You visited 1 branch of the dungeon, and saw 4 of its levels.

You collected 53 gold pieces.

Inventory:

Hand weapons
 a - a +0,+0 short sword (weapon)
Magical devices
 b - a wand of flame (11)
 c - a wand of enslavement (14)
 d - a wand of random effects (15)
Comestibles
 f - 2 bread rations
Scrolls
 h - a scroll of magic mapping {unknown}
 i - a scroll of teleportation {unknown}
 j - a scroll of identify {unknown}
 l - a scroll of curse weapon {unknown}
 o - 2 scrolls of random uselessness {unknown}
Jewellery
 m - a ring of ice (left tentacle)
Potions
 e - 3 potions of heal wounds {unknown}
 g - a potion of paralysis {unknown}
 k - 2 potions of curing {unknown}
 n - a potion of restore abilities {unknown}


   Skills:
 - Level 1.0 Fighting
 + Level 2.4 Short Blades
 - Level 2.0 Dodging
 + Level 3.0 Stealth
 - Level 3.2 Evocations


You had 2 spell levels left.
You didn't know any spells.

Dungeon Overview and Level Annotations

Branches:
Dungeon (4/27)
 Temple: D:4-7

Altars:
Ashenzari
Trog
Vehumet

Annotations:
D:4 Grinder


Innate Abilities, Weirdness & Mutations

You cannot wear most types of armour.
You are amphibious.
You can wear up to eight rings at the same time.
You can use your tentacles to constrict many enemies at once.
Your skin changes colour to match your surroundings (Stlth).
Your rubbery body absorbs attacks (AC +1).


Message History

Aim: a hound The puff of flame hits the hound.
The hound is heavily wounded.
This wand has 12 charges left.
The hound bites you.
* * * LOW HITPOINT WARNING * * *
Evoke which item? (* to show all) (? for menu, Esc to quit)
Zapping:
b - a wand of flame (12)
Press: ? - help, Shift-Dir - straight line, f/p - hound
Aim: a hound (heavily wounded)
The puff of flame hits the hound.
The hound is heavily wounded.
This wand has 11 charges left.
The hound bites you.
* * * LOW HITPOINT WARNING * * *
Evoke which item? (* to show all) (? for menu, Esc to quit)
Zapping:
c - a wand of enslavement (15)
Press: ? - help, Shift-Dir - straight line, f/p - hound
Aim: a hound (heavily wounded)
The hound easily resists.
This wand has 14 charges left.
The hound closely misses you. The hound bites you.
You die...

#..........#.......
#..........###g#.#.
####.###.### #.#...
#.###.#####.#...
###...............
.#########...%...#####.#...
....h......................
......####h............#...
... #@....<.###...#### .
######### #...# #####


You could see a hound.

Vanquished Creatures
  A giant mite (D:1)
  A worm (D:4)
  2 giant cockroaches (D:4)
  A goblin (D:1)
  A hobgoblin (D:4)
  6 bats
  A giant newt (D:4)
  2 kobolds
  6 rats
  A plant (D:3)
22 creatures vanquished.

Notes
Turn   | Place    | Note
--------------------------------------------------------------
     0 | D:1      | M4edhros, the Octopode Artificer, began the quest for the Orb.
     0 | D:1      | Reached XP level 1. HP: 14/14 MP: 1/1
   143 | D:1      | Reached XP level 2. HP: 19/19 MP: 3/3
   549 | D:3      | Found a radiant altar of Vehumet.
   549 | D:3      | Found a shattered altar of Ashenzari.
   549 | D:3      | Found a bloodstained altar of Trog.
   759 | D:4      | Reached XP level 3. HP: 21/24 MP: 4/4
   829 | D:4      | Noticed Grinder
   871 | D:4      | Slain by a hound

Action                   || total
-------------------------++-------
Melee: Short sword       ||    62
Evoke: Wand              ||     5
 Stab: Sleeping          ||     6
